 Dungeon Crawl Stone Soup version 0.20.0-15-g7f486f2 (webtiles) character file.

114 spacegravy the Firebug (level 4, -7/24 HPs)
             Began as a Deep Elf Fire Elementalist on June 14, 2017.
             Was an Initiate of Sif Muna.
             Killed from afar by an orc wizard (12 damage)
             ... with a magic dart
             ... on level 3 of the Dungeon.
             The game lasted 00:10:07 (2732 turns).

spacegravy the Firebug (Deep Elf Fire Elementalist) Turns: 2732, Time: 00:10:08

Health: -7/24      AC:  3    Str:  5    XL:     4   Next: 67%
Magic:  2/12       EV: 15    Int: 21    God:    Sif Muna [......]
Gold:   162        SH:  0    Dex: 18    Spells: 7/11 levels left

rFire    . . .     SeeInvis .   o - +0 whip
rCold    . . .     Gourm    .   (no shield)
rNeg     . . .     Faith    .   a - +0 robe
rPois    .         Spirit   .   t - +0 helmet
rElec    .         Reflect  .   (no cloak)
rCorr    .         Harm     .   (no gloves)
MR       .....                  (no boots)
Stlth    +.........             (no amulet)
Regen    0.1/turn               n - +2 ring of evasion
MPRegen  0.2/turn               e - +3 ring of dexterity

@: confused, very slightly contaminated
A: no striking features
a: Renounce Religion


You were on level 3 of the Dungeon.
You worshipped Sif Muna.
Sif Muna was noncommittal.
You were hungry.

You visited 1 branch of the dungeon, and saw 3 of its levels.

You collected 162 gold pieces.


   Skills:
 - Level 2.4 Dodging
 - Level 2.4 Stealth
 + Level 4.3 Spellcasting
 + Level 2.5 Conjurations
 * Level 4.8 Fire Magic


You had 7 spell levels left.
You knew the following spells:

 Your Spells              Type           Power        Failure   Level  Hunger
z - Flame Tongue          Conj/Fire      ###..        2%          1    None
Z - Conjure Flame         Conj/Fire      ###.....     8%          3    ##.....

Inventory:

Hand Weapons
 o - a +0 whip (weapon)
Armour
 a - a +0 robe (worn)
 t - a +0 helmet (worn)
Jewellery
 e - a +3 ring of dexterity (right hand)
 n - a +2 ring of evasion (left hand)
Scrolls
 d - 3 scrolls of teleportation {unknown}
 g - 3 scrolls of identify {unknown}
 h - a scroll of fear {unknown}
 i - 2 scrolls of amnesia {unknown}
 j - 2 scrolls of remove curse {unknown}
 k - a scroll of enchant armour {unknown}
 l - a scroll of magic mapping {unknown}
 m - a scroll of immolation {unknown}
 u - a scroll of recharging {unknown}
Potions
 f - a potion of haste {unknown}
 q - 2 potions of lignification {unknown}
 r - 2 potions of curing {unknown}
 s - 2 potions of might {unknown}
 w - 2 potions of cancellation {unknown}
 x - a potion of mutation {unknown}
Books
 b - a book of Flames

   Spells                             Type                      Level
   a - Flame Tongue                   Conjuration/Fire             1
   b - Throw Flame                    Conjuration/Fire             2
   c - Conjure Flame                  Conjuration/Fire             3
   d - Inner Flame                    Hexes/Fire                   3
   e - Sticky Flame                   Conjuration/Fire             4
   f - Fireball                       Conjuration/Fire             5
Comestibles
 c - 4 bread rations
 p - 4 royal jellies
 v - 5 fruits

Dungeon Overview and Level Annotations

Branches:
Dungeon (3/15)

Altars:
Sif Muna

.................................
▒..............▒....▒▒(▒▒▒▒▒▒....
▒..........▒▒▒▒▒.▒▒▒▒▒.▒▒........
▒..........▒ ▒.▒.....<.........
▒[.........▒▒▒▒▒.▒.▒............▒
..>...........................▒▒▒
...▒▒▒.▒▒▒....▒▒.▒.▒.....▒▒▒▒.▒▒▒
...▒▒...▒▒....▒▒.▒...............
.▒......▒▒....▒▒e▒▒▒▒▒...........
.▒▒▒....▒▒....▒▒.▒ ▒.▒▒▒▒▒.....
.▒▒▒....▒▒....▒▒.▒▒▒▒▒.▒▒▒▒......
.......▒▒▒....▒▒.▒▒......▒▒......
.......▒ ▒........▒......▒▒.....▒
.......▒ ▒........▒......▒▒▒.▒...
.......▒ ▒▒▒▒............▒ ▒.▒▒▒.
.▒▒▒.▒.▒ ▒.....▒......▒▒▒.....
.▒▒▒.▒.▒ ▒.....▒......▒▒......


There were no monsters in sight!


Message History

You see a ghostly outline there, and the spell fizzles.
Something hits you.
Aiming: Conjure Flame You see a ghostly outline there, and the spell fizzles.
Something hits you but does no damage.
You can't see any susceptible monsters within range! (Use Z to cast anyway.)
You don't know that spell.
You can't see any susceptible monsters within range! (Use Z to cast anyway.)
You barely miss something. Something hits you.
You can't see any susceptible monsters within range! (Use Z to cast anyway.) Unknown command.
You can't see any susceptible monsters within range! (Use Z to cast anyway.)
Aiming: Conjure Flame You see a ghostly outline there, and the spell fizzles.
You are feeling hungry.
Something hits you.
You hear some strange, mumbled words.
A puff of flame appears from out of thin air!
The puff of flame hits you!
* * * LOW HITPOINT WARNING * * *
A puff of flame appears from out of thin air!
The puff of flame hits you!
* * * LOW HITPOINT WARNING * * *
You are confused.
You bump into the rock wall.
You bump into the rock wall.
A magic dart appears from out of thin air!
The magic dart hits you!
Ouch! That really hurt!
You die...

Action                   |  1- 3 |  4- 6 || total
-------------------------+-------+-------++-------
Melee: Whip              |       |     1 ||     1
 Cast: Flame Tongue      |    75 |    32 ||   107
       Conjure Flame     |     1 |     3 ||     4
  Eat: Chunk             |     2 |     3 ||     5
Armor: Robe              |     7 |     4 ||    11
Dodge: Dodged            |    17 |    15 ||    32

Vault maps used:
D:1:      minmay_arrival_cross
D:2:      old_standard_altar

Notes
Turn   | Place    | Note
-------+----------+-------------------------------------------
     0 | D:1      | spacegravy the Deep Elf Fire Elementalist began the quest for the Orb.
     0 | D:1      | Reached XP level 1. HP: 10/10 MP: 6/6
    90 | D:1      | Reached XP level 2. HP: 7/15 MP: 1/8
   589 | D:1      | Reached skill level 4 in Fire Magic
   676 | D:1      | Reached XP level 3. HP: 19/19 MP: 6/9
   740 | D:1      | Reached skill level 2 in Conjurations
   909 | D:1      | Learned a level 3 spell: Conjure Flame
  1306 | D:2      | Found a deep blue altar of Sif Muna.
  1313 | D:2      | Became a worshipper of Sif Muna the Loreminder
  1462 | D:2      | Reached XP level 4. HP: 14/24 MP: 6/11
  1669 | D:2      | Reached skill level 4 in Spellcasting
  2732 | D:3      | Killed from afar by an orc wizard

Vanquished Creatures
  5 adders (D:2)
  4 dart slugs
  A leopard gecko (D:1)
  3 orcs (D:3)
  A ball python (D:1)
  11 bats
  3 giant cockroaches
  2 goblins
  6 hobgoblins
  6 jackals (D:1)
  A quokka (D:2)
  3 frilled lizards
  5 kobolds
  4 rats
55 creatures vanquished.
